 Dungeon Crawl Stone Soup version 0.23-a0-612-gcb482e9 (webtiles) character file.

954 Borgoz the Grappler (level 8, -3/67 HPs)
             Began as a Ghoul Abyssal Knight on Dec 21, 2018.
             Was a Priest of Lugonu.
             Shot with an arrow by a centaur (14 damage)
             ... on level 5 of the Dungeon.
             The game lasted 00:06:11 (3319 turns).

Borgoz the Grappler (Ghoul Abyssal Knight)          Turns: 3319, Time: 00:06:12

Health: -3/67      AC:  3    Str: 16    XL:     8   Next: 14%
Magic:  8/8        EV: 12    Int:  7    God:    Lugonu [***...]
Gold:   276        SH:  0    Dex: 10    Spells: 7/7 levels left

rFire    + . .     SeeInvis .     - Unarmed
rCold    + . .     Gourm    .   (no shield)
rNeg     + + +     Faith    .   a - +0 leather armour
rPois    ∞         Spirit   .   (no helmet)
rElec    .         Reflect  .   (no cloak)
rCorr    .         Harm     .   (no gloves)
MR       .....                  (no boots)
Stlth    +.........             (no amulet)
HPRegen  0.00/turn              j - ring of protection from fire
MPRegen  0.11/turn              (no ring)

@: rotting
A: rotting body, claws 1, carnivore, cold resistance 1, negative energy
resistance 3, inhibited regeneration, torment resistance, unbreathing
a: Depart the Abyss, Bend Space, Banish, Renounce Religion


You were on level 5 of the Dungeon.
You worshipped Lugonu.
Lugonu was most pleased with you.
You were not hungry.

You visited 2 branches of the dungeon, and saw 6 of its levels.
You visited the Abyss 1 time.

You collected 276 gold pieces.

Inventory:

Armour
 a - a +0 leather armour (worn)
Jewellery
 j - a ring of protection from fire (left claw)
Scrolls
 c - a scroll of blinking {unknown}
 d - a scroll of enchant armour {unknown}
 e - a scroll of random uselessness {unknown}
 f - a scroll of fog {unknown}
 h - 2 scrolls of magic mapping {unknown}
 i - 2 scrolls of teleportation {unknown}
 k - 3 scrolls of identify {unknown}
 r - a scroll of vulnerability {unknown}
Potions
 g - 2 potions of haste {unknown}
 m - 2 potions of agility {unknown}
 n - 3 potions of mutation {unknown}
 o - a potion of cancellation {unknown}
 p - a potion of brilliance {unknown}
 q - 2 potions of ambrosia {unknown}
Comestibles
 b - 10 rations
 l - 3 chunks of flesh


   Skills:
 + Level 4.4 Fighting
 + Level 3.4 Armour
 + Level 2.8 Dodging
 + Level 1.0 Stealth
 + Level 8.1 Unarmed Combat
 + Level 2.1 Invocations


You had 7 spell levels left.
You didn't know any spells.
Your spell library was empty.

Dungeon Overview and Level Annotations

Branches:
Dungeon (5/15)             Temple (1/1) D:4

Altars:
Ashenzari
Cheibriados
Dithmenos
Elyvilon
Fedhas
Gozag
Kikubaaqudgha
Makhleb
Nemelex Xobeh
Okawaru
Qazlal
Ru
Sif Muna
Wu Jian
Xom
Yredelemnul
The Shining One

Annotations:
D:3 1 runed door, confidenceinterval's ghost, amateur MfSu


Innate Abilities, Weirdness & Mutations

Your body is rotting away.
You thrive on raw meat.
You are immune to poison.
You have sharp fingernails.
You are carnivorous and can eat meat at any time.
Your flesh is cold resistant. (rC+)
You are immune to negative energy. (rN+++)
You do not regenerate when monsters are visible.
You are immune to unholy pain and torment.
You can survive without breathing.


Message History

You claw the centaur!
You kill the centaur!
Lugonu accepts your kill.
Your Stealth skill increases to level 1!
Your Unarmed Combat skill increases to level 8!
The centaur wields a +0 shortbow.
The centaur shoots an arrow.
The arrow hits you!
* * * LOW HITPOINT WARNING * * *
Items here: ! ( ) ? a +0 shortbow; 4 arrows; a yellow potion; a scroll labeled WAYSCH IR AWA There isn't anything to butcher here.
r - a scroll labeled WAYSCH IR AWA;
n - 3 yellow potions (gained 1)
The centaur shoots an arrow.
The arrow hits you.
* * * LOW HITPOINT WARNING * * *
The centaur shoots an arrow.
The arrow hits you.
* * * LOW HITPOINT WARNING * * *
You see here an arrow.
You see here an arrow.
The centaur shoots an arrow.
The arrow hits you!
You die...

#..................###......
#..####..................÷..
..........##.#...###.#####
..########.##......##.# ..##
#.##.......#.# ....
#.##......##.# ...
#.##.#(..###.# #..
#.##.........#
###..####@#####.######
#......((((.(...#
#.....).....###.#
......#......# #>### ..<..
#...≈≈####(..## ###(
.....≈.c..P÷..(# ..
......≈≈####(...# ..
...........##.#.(# .
.###........#...##


You could see a centaur.

Vanquished Creatures
  Grinder (D:4)
  A phantom (D:5)
  An ogre (D:4)
  A centaur (D:5)
  Blork the orc (D:4)
  A howler monkey (D:5)
  2 hounds (D:5)
  An orc priest (D:3)
  A jelly (D:3)
  An orc wizard (D:4)
  2 worker ants
  5 adders
  A howler monkey skeleton (D:4)
  10 oozes
  An adder skeleton (D:4)
  2 worms (D:3)
  A dart slug (D:1)
  3 leopard geckos
  9 orcs
  10 bats
  A giant cockroach (D:3)
  7 goblins
  5 hobgoblins
  14 kobolds
  2 quokkas (D:4)
  2 ball pythons (D:4)
  2 frilled lizards
  2 leopard gecko skeletons
  8 rats
98 creatures vanquished.

Vanquished Creatures (others)
  2 fungi (D:3)
  10 toadstools (D:3)
12 creatures vanquished.

Grand Total: 110 creatures vanquished

Notes
Turn   | Place    | Note
-------+----------+-------------------------------------------
     0 | Abyss:1  | Borgoz the Ghoul Abyssal Knight began the quest for the
                  | Orb.
     0 | Abyss:1  | Reached XP level 1. HP: 19/19 MP: 1/1
    40 | Abyss:1  | Noticed a small abomination
    70 | Abyss:2  | Noticed an ice devil
    71 | Abyss:2  | Noticed a hellephant
    73 | D:1      | Escaped the Abyss
    91 | D:1      | Reached skill level 1 in Dodging
   156 | D:1      | Reached XP level 2. HP: 14/26 MP: 2/2
   202 | D:1      | Reached * piety under Lugonu
   660 | D:2      | Found a shattered altar of Ashenzari.
   734 | D:2      | Reached XP level 3. HP: 26/31 MP: 3/3
   736 | D:2      | Reached skill level 3 in Unarmed Combat
   795 | D:2      | Found an iron altar of Okawaru.
   893 | D:2      | Found a glowing golden altar of the Shining One.
   978 | D:2      | Found a blossoming altar of Fedhas.
  1044 | D:2      | Reached XP level 4. HP: 18/40 MP: 4/4
  1480 | D:3      | Found a white marble altar of Elyvilon.
  1519 | D:3      | Reached skill level 4 in Unarmed Combat
  1575 | D:3      | Reached XP level 5. HP: 12/46 MP: 5/5
  1576 | D:3      | Reached ** piety under Lugonu
  1626 | D:3      | Found a runed door.
  1632 | D:3      | Noticed confidenceinterval's ghost (amateur MfSu)
  1840 | D:3      | Reached skill level 5 in Unarmed Combat
  2193 | D:4      | Reached XP level 6. HP: 43/52 MP: 6/6
  2222 | D:4      | Noticed Grinder
  2223 | D:4      | Found a staircase to the Ecumenical Temple.
  2225 | D:4      | Paralysed by Grinder for 5 turns
  2260 | D:4      | Killed Grinder
  2260 | D:4      | Reached skill level 6 in Unarmed Combat
  2260 | D:4      | Reached XP level 7. HP: 21/59 MP: 7/7
  2440 | Temple   | Entered the Ecumenical Temple
  2831 | D:4      | Reached *** piety under Lugonu
  2838 | D:4      | Found an opulent altar of Gozag.
  2852 | D:4      | Noticed Blork the orc
  2870 | D:4      | Killed Blork the orc
  2870 | D:4      | Reached skill level 7 in Unarmed Combat
  3044 | D:5      | Entered Level 5 of the Dungeon
  3158 | D:5      | Reached XP level 8. HP: 57/67 MP: 8/8
  3171 | D:5      | Found a sacrificial altar of Ru.
  3314 | D:5      | Reached skill level 1 in Stealth
  3314 | D:5      | Reached skill level 8 in Unarmed Combat
  3319 | D:5      | Shot with an arrow by a centaur

Vault maps used:
D:1:      ncdulo_halloftheorcs, skrybe_limestone_x
D:2:      nicolae_tso_swordbearing_angel, nicolae_ashenzari_panopticon,
          lemuel_round_altar, first_ration, fedhas_ov_isle_minmay
D:3:      cheibrodos_fertilizer, elyvilon_altar_3, ebering_ghost_reflecting_pool
D:4:      minmay_temple_entry_junction, minmay_misc_feat_five,
          nicolae_gozag_seed_capital, uniq_blork_the_orc, uniq_grinder
D:5:      nicolae_ru_sacrificial_ziggurat, kb_lookout_dungeons_type
Temple:   jpeg_temple_alley_garden

Skill      XL: |  1  2  3  4  5  6  7  8 |
---------------+-------------------------+-----
Dodging        | 1 2 |  2.8
Unarmed Combat | 3 4 5 6 7 8 |  8.1
Armour         | 2 3 |  3.4
Fighting       | 4 |  4.4
Stealth        | 1 |  1.0
Invocations    | |  2.1

Action                   |  1- 3 |  4- 6 |  7- 9 || total
-------------------------+-------+-------+-------++-------
Melee: Unarmed           |   108 |   153 |    92 ||   353
       Punch             |       |     3 |     2 ||     5
Invok: Depart the Abyss  |     1 |       |       ||     1
  Use: Potion            |       |     2 |       ||     2
 Stab: Invisible         |       |     1 |       ||     1
  Eat: Chunk             |    16 |    20 |    10 ||    46
Armor: Leather armour    |    23 |    20 |    12 ||    55
Dodge: Dodged            |    81 |    88 |    48 ||   217

Table legend:
 A = Non-vault XP
 B = Vault XP
 C = Vault XP percentage of total XP
 D = Non-vault monster count
 E = Vault monster count
 F = Vault count percentage of total count
                 A         B        C        D         E       F
            +---------+---------+-------+---------+---------+-------
      Total |     865 |     499 |  36.6 |      79 |      19 |  19.4
            +---------+---------+-------+---------+---------+-------
        D:1 |      27 |       0 |   0.0 |      17 |       0 |   0.0
        D:2 |      73 |       0 |   0.0 |      21 |       0 |   0.0
        D:3 |      96 |     115 |  54.5 |      19 |      17 |  47.2
        D:4 |     245 |     384 |  61.0 |      15 |       2 |  11.8
        D:5 |     424 |       0 |   0.0 |       7 |       0 |   0.0
            +---------+---------+-------+---------+---------+-------
